 Dungeon Crawl Stone Soup version 0.26.1-11-gd32895ea62 (webtiles) character file.

Game seed: 5260656515286125502

1325 kikerikii the Slinger (level 8, -1/54 HPs)
             Began as a Halfling Hunter on June 2, 2021.
             Was a Believer of Lugonu.
             Slain by an orc warrior
             ... wielding a +0 halberd of flaming
              (7 damage)
             ... on level 7 of the Dungeon.
             The game lasted 00:14:33 (7101 turns).

kikerikii the Slinger (Halfling Hunter)             Turns: 7101, Time: 00:14:34

Health: -1/54      AC: 10    Str: 15    XL:     8   Next: 91%
Magic:  10/10      EV: 16    Int:  9    God:    Lugonu [**....]
Gold:   422        SH:  0    Dex: 15    Spells: 7/7 levels left

rFire    . . .     SeeInvis .   a - +1 hunting sling
rCold    . . .     Faith    .   (shield restricted)
rNeg     . . .     Spirit   .   v - +0 ring mail
rPois    .         Reflect  .   x - +2 helmet
rElec    .         Harm     .   p - scarf {shadows}
rCorr    .         Rampage  .   o - +1 pair of gloves
Will     .....                  (no boots)
Stlth    ++........             (no amulet)
HPRegen  0.18/turn              (no ring)
MPRegen  0.12/turn              (no ring)

@: no status effects
A: small, mutation resistance 1
a: Renounce Religion, Depart the Abyss, Bend Space


You were on level 7 of the Dungeon.
You worshipped Lugonu.
Lugonu was pleased with you.
You visited 2 branches of the dungeon, and saw 8 of its levels.

You collected 503 gold pieces.
You spent 81 gold pieces at shops.

Inventory:

Hand Weapons
 a - a +1 hunting sling (weapon)
 b - a +1 dagger of electrocution
 F - a +0 hunting sling of flaming
 I - a +3 dagger
Missiles
 d - 50 sling bullets
 h - 213 stones (quivered ammo)
 r - 3 datura-tipped darts (quivered)
 t - a throwing net
 A - 11 boomerangs
 E - 4 atropa-tipped darts
Armour
 o - a +1 pair of gloves (worn)
 p - a scarf of shadows (worn)
 v - a +0 ring mail (worn)
 x - a +2 helmet (worn)
Jewellery
 c - a cursed ring of wizardry {unknown}
 f - an uncursed ring of positive energy {unknown}
 n - an uncursed ring of fire {unknown}
 u - a cursed +6 ring of dexterity {unknown}
 y - an uncursed amulet of the acrobat {unknown}
Wands
 w - a wand of random effects (14)
 G - a wand of acid (18)
Scrolls
 g - 2 scrolls of amnesia
 j - 2 scrolls of fear
 k - a scroll of identify
 m - a scroll of teleportation
 H - a scroll of magic mapping
Potions
 e - 2 potions of resistance
 i - 2 potions of attraction
 l - 3 potions of lignification
 q - a potion of might
 s - 2 potions of heal wounds
 z - 3 potions of invisibility
 B - a potion of curing {unknown}
 C - a potion of mutation {unknown}
 D - a potion of ambrosia {unknown}


   Skills:
 + Level 4.4 Fighting
 * Level 10.7 Slings
 + Level 5.4 Dodging
 - Level 3.2 Stealth
 + Level 3.6 Invocations


You had 7 spell levels left.
You didn't know any spells.
Your spell library was empty.

Dungeon Overview and Level Annotations

Branches:
Dungeon (7/15)             Temple (1/1) D:4

Altars:
Ashenzari
Cheibriados
Dithmenos
Elyvilon
Gozag
Hepliaklqana
Nemelex Xobeh
Okawaru
Qazlal
Trog
Uskayaw
Vehumet
Wu Jian
Yredelemnul
Zin
The Shining One
Lugonu

Shops:
D:5 (

Annotations:
D:5 2 transporters, MatrixGlitch's ghost, weakling HODe


Innate Abilities, Weirdness & Mutations

You are small and have problems with some larger weapons.
You are somewhat resistant to further mutation.


Message History

Throw: 5 darts (datura)
Press: ? - help, Q - select action, (/) - cycle Shift-Dir - straight line, f/p - orc wizard
Aim: an orc wizard, wielding a +0 dagger and wearing a +0 robe (56% to hit, chance to frenzy on hit: 89%)
You throw a datura-tipped dart.
The datura-tipped dart barely misses the orc warrior.
The datura-tipped dart barely misses the orc wizard.
The orc warrior hits you with a +0 halberd of flaming!
The orc warrior burns you.
The orc wizard points at you and mumbles some strange words.
The magic dart hits the orc warrior!
Throw: 4 darts (datura)
Press: ? - help, Q - select action, (/) - cycle Shift-Dir - straight line, f/p - orc wizard
Aim: an orc wizard, wielding a +0 dagger and wearing a +0 robe (56% to hit, chance to frenzy on hit: 87%)
You throw a datura-tipped dart.
The datura-tipped dart hits the orc warrior!
The orc warrior is moderately wounded.
The orc warrior hits you with a +0 halberd of flaming!!
* * * LOW HITPOINT WARNING * * *
The orc warrior burns you!
You die...

#.........# ###'##
#.........# #.....
#.........# #.....
#....o....# #.....
#####(####### #.....
#.# #...# #.....
####o###...# #.....
#....o.....#######.....
#.....@................
#........##############
#........# #......
#........# #.##...
#........### #.##...
#..........# #.##...
####'##....# #.#####
###.##....# #.#
#.........# #.#


You could see an orc wizard and a neutral orc warrior (fast, strong, insane).

Vanquished Creatures
  An ogre (D:7)
  A phantom (D:6)
  2 centaurs (D:5)
  A bullfrog (D:7)
  Blork the orc (D:6)
  A scorpion (D:7)
  A howler monkey (D:6)
  A jelly (D:6)
  An orc priest (D:7)
  2 hounds
  7 orc wizards
  An iron imp (D:6)
  3 iguanas
  4 worker ants
  A killer bee zombie (D:5)
  Robin (D:3)
  7 adders
  A shadow imp (D:7)
  A white imp (D:7)
  An ufetubus (D:7)
  2 adder skeletons
  An adder zombie (D:6)
  3 worms
  2 dart slugs
  7 leopard geckos
  15 orcs
  4 ball pythons
  6 giant cockroaches
  12 goblins
  10 hobgoblins
  3 jackals (D:3)
  12 kobolds
  2 quokkas
  13 bats
  4 frilled lizards
  A jackal skeleton (D:4)
  A jackal zombie (D:6)
  A quokka zombie (D:6)
  7 rats
145 creatures vanquished.

Notes
Turn   | Place    | Note
-------+----------+-------------------------------------------
     0 | D:1      | kikerikii the Halfling Hunter began the quest for the Orb.
     0 | D:1      | Reached XP level 1. HP: 14/14 MP: 1/1
    91 | D:1      | Reached skill level 6 in Slings
    92 | D:1      | Reached XP level 2. HP: 19/19 MP: 2/2
   441 | D:1      | Reached XP level 3. HP: 24/24 MP: 3/3
  1130 | D:2      | Reached XP level 4. HP: 29/29 MP: 4/4
  1463 | D:2      | Found a white marble altar of Elyvilon.
  1763 | D:3      | Reached skill level 7 in Slings
  1772 | D:3      | Reached XP level 5. HP: 31/35 MP: 5/5
  2255 | D:3      | Noticed Robin
  2330 | D:3      | Killed Robin
  2616 | D:3      | Found a basalt altar of Yredelemnul.
  2986 | D:3      | Reached XP level 6. HP: 41/41 MP: 6/6
  3255 | D:4      | Reached skill level 8 in Slings
  3362 | D:4      | Found a staircase to the Ecumenical Temple.
  3372 | Temple   | Entered the Ecumenical Temple
  3412 | Temple   | Became a worshipper of Lugonu the Unformed
  3412 | Temple   | Reached * piety under Lugonu
  3787 | D:4      | Found a stormy altar of Qazlal.
  3843 | D:4      | Found a sparkling altar of Nemelex Xobeh.
  3868 | D:5      | Entered Level 5 of the Dungeon
  4143 | D:5      | Reached skill level 1 in Invocations
  4143 | D:5      | Reached XP level 7. HP: 41/46 MP: 7/7
  4243 | D:5      | Noticed MatrixGlitch's ghost (weakling HODe)
  4244 | D:5      | Found a transporter.
  4247 | D:5      | Found a transporter.
  4421 | D:5      | Reached skill level 9 in Slings
  4492 | D:5      | Found a glowing silver altar of Zin.
  4662 | D:5      | Found Ypnec's Antique Weapon Shoppe.
  4670 | D:5      | Bought a glowing hunting sling for 81 gold pieces
  4943 | D:6      | Found a glowing golden altar of the Shining One.
  4955 | D:6      | Found an opulent altar of Gozag.
  4955 | D:6      | Found a radiant altar of Vehumet.
  5182 | D:6      | Found a snail-covered altar of Cheibriados.
  5367 | D:6      | Noticed Blork the orc
  5377 | D:6      | Killed Blork the orc
  5378 | D:6      | Reached XP level 8. HP: 49/54 MP: 9/9
  5807 | D:6      | Reached ** piety under Lugonu
  6019 | D:6      | Reached skill level 10 in Slings
  6362 | D:7      | Reached skill level 5 in Dodging
  6404 | D:7      | Found a sparkling altar of Nemelex Xobeh.
  7101 | D:7      | Slain by an orc warrior

Illustrated notes

Levels and vault maps discovered:
D:1:      ncdulo_wetmaze, layout_basic, kennysheep_flooded_box
D:2:      minmay_razor_zed, layout_basic, overflow_temple_1_default,
          chequers_serial_rivers_small_3
D:3:      layout_basic, lemuel_doored_altar, uniq_robin
D:4:      layout_rooms, kennysheep_mini_moat, minmay_temple_entry_antechambers,
          st_stairs_14, grunt_ministairs_10, nemelex_lonely_heart_becter
D:5:      layout_loops_corners, lemuel_crystal_altar, serial_shops,
          nicolae_shop_trees, gammafunk_ghost_arena, minmay_misc_feat_cross,
          feat_on_display
D:6:      layout_gridville, slow_altar_1, grunt_temple_overflow_open,
          minmay_misc_feat_tower, uniq_blork_the_orc
D:7:      layout_basic, nemelex_xobeh_ov_fountains_minmay
Temple:   corrupted_temple

Skill      XL: |  1  2  3  4  5  6  7  8 |
---------------+-------------------------+-----
Slings         | 6 7 8 9 10 | 10.7
Fighting       | 2 3 4 |  4.4
Stealth        | 2 3 |  3.2
Dodging        | 3 4 5 |  5.4
Invocations    | 1 2 3 |  3.6

Action                   |  1- 3 |  4- 6 |  7- 9 || total
-------------------------+-------+-------+-------++-------
Melee: Dagger            |       |    44 |    88 ||   132
 Fire: Hunting sling     |    93 |   215 |   143 ||   451
Throw: Dart              |       |       |     4 ||     4
  Use: Scroll            |       |    11 |     6 ||    17
 Stab: Sleeping          |       |       |     2 ||     2
Armor: Leather armour    |     7 |     7 |       ||    14
       Ring mail         |       |    23 |    28 ||    51
Dodge: Dodged            |    19 |   102 |    54 ||   175
